 Dungeon Crawl Stone Soup version 0.28-a0-850-g09de17f5b5 (webtiles) character file.

Game seed: 5543375285657543010

269 spiderkeys the Magician (level 6, -2/15 (36) HPs)
             Began as a Deep Elf Abyssal Knight on Nov 14, 2021.
             Was a Believer of Lugonu.
             Killed from afar by an orc wizard (8 damage)
             ... with a puff of flame
             ... on level 4 of the Dungeon.
             The game lasted 00:07:21 (5722 turns).

spiderkeys the Magician (Deep Elf Abyssal Knight)   Turns: 5722, Time: 00:07:21

HP:   -2/15 (36)    AC:  5    Str: 16    XL:     6   Next: 1%
MP:   15/15         EV: 13    Int: 17    God:    Lugonu [**....]
Gold: 129           SH:  0    Dex: 15    Spells: 14/14 levels left

rFire   . . .      SeeInvis .   s - +1 whip (freeze)
rCold   . . .      Faith    .   (no shield)
rNeg    . . .      Spirit   .   m - +1 leather armour
rPois   +          Reflect  .   l - +0 helmet
rElec   .          Harm     .   (no cloak)
rCorr   .          Rampage  .   (no gloves)
Will    .....                   (no boots)
Stlth   +.........              (no amulet)
HPRegen 0.05/turn               P - ring of poison resistance
MPRegen 0.14/turn               S - +6 ring of strength

@: confused, extremely drained
A: no striking features
a: Renounce Religion, Depart the Abyss, Bend Space


You were on level 4 of the Dungeon.
You worshipped Lugonu.
Lugonu was pleased with you.
You visited 1 branch of the dungeon, and saw 4 of its levels.
You visited the Abyss 1 time.

You collected 129 gold pieces.


   Skills:
 - Level 2.4 Fighting
 - Level 2.0 Short Blades
 - Level 0.7 Armour
 + Level 3.9 Dodging
 + Level 3.2 Stealth
 * Level 4.8 Spellcasting
 + Level 3.4 Invocations


You had 14 spell levels left.
You didn't know any spells.
Your spell library was empty.

Inventory:

Hand Weapons
 a - a +1 short sword
 b - a +0 hunting sling
   (You found it on level 2 of the Dungeon)
 s - a +1 whip of freezing (weapon)
   (You took it off an orc on level 3 of the Dungeon)
Missiles
 g - 63 stones
 h - 35 sling bullets
 i - 19 bolts
 n - 73 arrows
 p - 21 poisoned darts
 q - a boomerang
Armour
 l - a +0 helmet (worn)
   (You found it on level 2 of the Dungeon)
 m - a +1 leather armour (worn)
Magical Staves
 f - a staff of death {!a}
   (You found it on level 1 of the Dungeon)
Jewellery
 P - a ring of poison resistance (left hand)
   (You found it on level 1 of the Abyss)
 S - a +6 ring of strength (right hand)
   (You found it on level 1 of the Dungeon)
Scrolls
 e - a scroll of teleportation {@r4}
 j - 2 scrolls of fog
 r - 2 scrolls of identify {@r1}
Potions
 o - a potion of cancellation {unknown}

Dungeon Overview and Level Annotations

Branches:
Dungeon (4/15)
 Temple: D:4-7

Altars:
Fedhas
Nemelex Xobeh
Ru

#..# . ##..#
... #..## ##
.....###..#
#.# #.......##
#.#
#..###...###.#
#. ###..#..#
#....# #.@..##
#.....#
##....##
#{....#
##...###
##J.###
...######..##
......).$..#
.....J.)...#


You could see a jelly.


Message History

You now have 33 max hp (-1).
You hit the orc. You freeze the orc.
You kill the orc!
Lugonu accepts your kill. Something hits you.
You feel drained. 😕 HP[-4]
You now have 32 max hp (-1).
You take 4 damage, and now have 26/32 hp.
You closely miss something. Something barely misses you.
You closely miss something. Something hits you.
You feel drained. The endoplasm freezes you.
You are frozen. 😮 HP[-4]
You now have 31 max hp (-1).
You take 4 damage, and now have 22/31 hp.
You hit the endoplasm. You freeze the endoplasm.
You hear some strange, mumbled words.
Something tries to affect you, but you resist.
The endoplasm misses you.
You hit the endoplasm but do no damage. Something barely misses you.
The endoplasm freezes you.
You are frozen. 😮 HP[-3]
You take 3 damage, and now have 19/31 hp.
You hit the endoplasm. You freeze the endoplasm.
You kill the endoplasm!
Lugonu accepts your kill. Something hits you but does no damage.
You feel drained.
You now have 30 max hp (-1).
You barely miss something. Something hits you but does no damage.
You feel drained.
You hit something. You freeze something. Something hits you but does no damage.
You feel drained. Something hits you.
You feel drained.
You miss something. Something hits you but does no damage.
You feel drained.
You barely miss something. Something barely misses you.
You miss something.
You hear some strange, mumbled words.
Something tries to affect you, but you resist. 😮 HP[-1]
You now have 26 max hp (-4).
You hit something. You freeze something. Something hits you but does no damage.
You feel drained.
You miss something. Something hits you but does no damage.
You feel drained.
You now have 24 max hp (-2).
You hit something. You freeze something. Something hits you but does no damage.
You feel drained.
You now have 23 max hp (-1).
You miss something. Something hits you but does no damage.
You feel drained.
You now have 22 max hp (-1).
You closely miss something. Something hits you but does no damage.
You feel drained.
You now have 21 max hp (-1).
You barely miss something. Something barely misses you.
You barely miss something. Something hits you.
You feel drained. Something hits you.
You feel drained.
You hit something but do no damage. Something hits you.
You feel drained. 😮 HP[-7]
You now have 18 max hp (-3).
You take 7 damage, and now have 11/18 hp.
MASSIVE DAMAGE!! (PAUSE)
You miss something.
A jelly comes into view.
Something hits you.
You feel drained. 😮 HP[-1]
You now have 17 max hp (-1).
You miss something.
The jelly quivers.
Something hits you.
* * * LOW HITPOINT WARNING * * *
You feel drained. 😨 HP[-2]
You now have 16 max hp (-1).
You take 2 damage, and now have 8/16 hp.
You miss something. Something hits you.
* * * LOW HITPOINT WARNING * * *
You feel drained.
* * * LOW HITPOINT WARNING * * *
😨 HP[-3]
You now have 15 max hp (-1).
You take 3 damage, and now have 5/15 hp.
You see here 10 gold pieces. 😨 HP[+1]
You hear some strange, mumbled words.
You are confused.
A puff of flame appears from out of thin air!
The puff of flame hits you!
Ouch! That really hurt!
You die...

Skill      XL: |  1  2  3  4  5 |
---------------+----------------+-----
Spellcasting   | 1 2 3 4 |  4.8
Stealth        | 1 2 3 |  3.2
Dodging        | 3 |  3.9
Invocations    | 3 |  3.4
Fighting       | |  2.4
Short Blades   | |  2.0
Armour         | |  0.7

Action                   |  1- 3 |  4- 6 || total
-------------------------+-------+-------++-------
Melee: Short sword       |    96 |    90 ||   186
       Whip              |       |    82 ||    82
 Fire: Hunting sling     |       |    36 ||    36
Invok: Depart the Abyss  |     1 |       ||     1
Evoke: Wand              |       |     6 ||     6
  Use: Scroll            |     2 |     5 ||     7
       Potion            |       |     2 ||     2
 Stab: Sleeping          |     4 |     2 ||     6
Armor: Leather armour    |    20 |    35 ||    55
Dodge: Dodged            |    42 |   101 ||   143

Levels and vault maps discovered:
D:1:      evilmike_arrival_hilbert_curve, layout_basic
D:2:      minmay_recursive_quarters, layout_basic,
          shapermc_ecumenical_altar_venn
D:3:      layout_basic, mainiacjoe_overflow_large_starburst,
          mainiacjoe_overflow_brackets, uniq_natasha
D:4:      layout_layer_cave, mainiacjoe_overflow_six_doors_small, uniq_grinder

Notes
Turn   | Place    | Note
-------+----------+-------------------------------------------
     0 | Abyss:1  | spiderkeys the Deep Elf Abyssal Knight began the quest for
                  | the Orb.
     0 | Abyss:1  | Reached XP level 1. HP: 13/13 MP: 4/4
     0 | Abyss:1  | magus.rc [v1.9.10]
    39 | Abyss:1  | Noticed a hell hog
    78 | Abyss:1  | Noticed a tentacled starspawn
    80 | Abyss:1  | Noticed a large abomination
   104 | Abyss:1  | Noticed a wraith
   106 | Abyss:1  | Noticed a large abomination
   118 | Abyss:1  | Noticed a tentacled starspawn
   132 | Abyss:1  | Noticed a great orb of eyes
   140 | Abyss:1  | Noticed a starcursed mass
   149 | D:1      | You pass through the gate.
   149 | D:1      | Escaped the Abyss
   500 | D:1      | Reached skill level 1 in Spellcasting
   565 | D:1      | Reached * piety under Lugonu
   592 | D:1      | Reached XP level 2. HP: 14/18 MP: 5/5
  1106 | D:2      | Reached skill level 1 in Stealth
  1177 | D:2      | Reached skill level 2 in Spellcasting
  1177 | D:2      | Reached XP level 3. HP: 11/22 MP: 6/8
  1919 | D:2      | Reached skill level 3 in Dodging
  2079 | D:2      | You fall into a shaft and drop 1 floor!
  2110 | D:3      | Found a blossoming altar of Fedhas.
  2229 | D:2      | Reached skill level 3 in Spellcasting
  2369 | D:2      | Reached skill level 2 in Stealth
  2369 | D:2      | Reached XP level 4. HP: 27/27 MP: 10/10
  3258 | D:2      | Found a faded altar of an unknown god.
  3938 | D:3      | Found a sparkling altar of Nemelex Xobeh.
  4029 | D:3      | Reached skill level 3 in Invocations
  4029 | D:3      | Reached XP level 5. HP: 13/31 MP: 12/12
  4294 | D:3      | Noticed Natasha
  4303 | D:3      | Killed Natasha
  4304 | D:3      | Reached skill level 4 in Spellcasting
  4508 | D:3      | Noticed Natasha
  4753 | D:3      | Killed Natasha
  4991 | D:3      | Found a sacrificial altar of Ru.
  5042 | D:3      | Reached ** piety under Lugonu
  5222 | D:3      | Noticed Natasha
  5244 | D:3      | Killed Natasha
  5245 | D:3      | Reached skill level 3 in Stealth
  5692 | D:4      | Reached XP level 6. HP: 31/34 MP: 15/15
  5722 | D:4      | Killed from afar by an orc wizard

Vanquished Creatures
  2 orc wizards
  Natasha (thrice) (D:3)
  5 adders (D:2)
  An adder skeleton (D:4)
  3 worms
  4 dart slugs
  11 orcs
  3 endoplasms
  3 giant cockroaches
  9 goblins
  4 hobgoblins
  7 kobolds
  4 ball pythons (D:2)
  5 bats
  5 frilled lizards
  4 rats
73 creatures vanquished.

Vanquished Creatures (others)
  6 starspawn tentacles (Abyss:1)
6 creatures vanquished.

Grand Total: 79 creatures vanquished

Table legend:
 A = Non-vault XP
 B = Vault XP
 C = Vault XP percentage of total XP
 D = Non-vault monster count
 E = Vault monster count
 F = Vault count percentage of total count
                 A         B        C        D         E       F
            +---------+---------+-------+---------+---------+-------
      Total |     321 |      64 |  16.6 |      64 |       9 |  12.3
            +---------+---------+-------+---------+---------+-------
        D:1 |      17 |       0 |   0.0 |      10 |       0 |   0.0
        D:2 |      98 |      29 |  22.8 |      27 |       8 |  22.9
        D:3 |     147 |      35 |  19.2 |      18 |       1 |   5.3
        D:4 |      59 |       0 |   0.0 |       9 |       0 |   0.0
            +---------+---------+-------+---------+---------+-------

Illustrated notes

Table legend:
 A = Kills in this place as a percentage of kills in entire the game.
 B = Kills by you in this place as a percentage of kills by you in the entire game.
 C = Kills by friends in this place as a percentage of kills by friends in the entire game.
 D = Other kills in this place as a percentage of other kills in the entire game.
 E = Experience gained in this place as a percentage of experience gained in the entire game.
 F = Experience gained in this place divided by the number of levels of this place that you have seen.
                   A       B       C       D       E      F
               +-------+-------+-------+-------+-------+----------------------
         Total | 100.0 | 100.0 |   N/A |   N/A | 100.0 |  77.0
       Dungeon | 100.0 | 100.0 |   N/A |   N/A | 100.0 |  96.2
               +-------+-------+-------+-------+-------+----------------------

Table legend: (Time is in decaauts)
 A = Elapsed time spent in this place.
 B = Non-inter-level travel time spent in this place.
 C = Inter-level travel time spent in this place.
 D = Time resting spent in this place.
 E = Time spent auto-exploring this place.
 F = Levels seen in this place.
 G = Mean time per level.
                   A        B        C        D        E       F      G
               +--------+--------+--------+--------+--------+-----+--------+
         Total |   5767 |   5717 |     50 |   1009 |   3766 |   5 | 1153.4 |
       Dungeon |   5618 |   5568 |     50 |   1009 |   3725 |   4 | 1404.5 |
         Abyss |    149 |    149 |      0 |      0 |     41 |   1 |  149.0 |
               +--------+--------+--------+--------+--------+-----+--------+

Top non-repeatable levels by time:
     D:2: 2172 daAuts
     D:3: 1870 daAuts
     D:1: 1282 daAuts
     D:4: 293 daAuts
 Abyss:1: 149 daAuts
